 Dungeon Crawl Stone Soup version 0.28-a0-1184-g53156a8 (webtiles) character file.

Game seed: 17786225282324368966

109 HDogLeCool the Shield-Bearer (level 4, -3/41 HPs)
             Began as a Gnoll Fighter on Dec 17, 2021.
             Was an Initiate of the Shining One.
             Slain by an orc (19 damage)
             ... on level 3 of the Dungeon.
             The game lasted 00:02:44 (1930 turns).

HDogLeCool the Shield-Bearer (Gnoll Fighter)        Turns: 1930, Time: 00:02:45

Health: -3/41      AC:  7    Str: 17    XL:     4   Next: 90%
Magic:  5/5        EV: 10    Int:  8    God:    the Shining One [......]
Gold:   56         SH:  5    Dex: 11    Spells: 5/5 levels left

rFire   . . .      SeeInvis .   a - +0 war axe
rCold   . . .      Faith    .   c - +0 buckler
rNeg    . . .      Spirit   .   b - +0 scale mail
rPois   .          Reflect  .   (no helmet)
rElec   .          Harm     .   (no cloak)
rCorr   .          Rampage  .   (no gloves)
Will    .....                   (no boots)
Stlth   ..........              (no amulet)
HPRegen 0.13/turn               (no ring)
MPRegen 0.09/turn               (no ring)

@: glowing
A: fangs 1, strong nose, distributed training
a: Renounce Religion


You were on level 3 of the Dungeon.
You worshipped the Shining One.
The Shining One was noncommittal.
You visited 1 branch of the dungeon, and saw 3 of its levels.

You collected 56 gold pieces.

Inventory:

Hand Weapons
 a - a +0 war axe (weapon)
 i - a +1 spear of distortion
Missiles
 f - 39 stones (quivered)
Armour
 b - a +0 scale mail (worn)
 c - a +0 buckler (worn)
Potions
 d - a potion of might
 e - a potion of flight {unknown}
 g - a potion of magic {unknown}
 h - a potion of curing {unknown}


   Skills:
 + Level 6.6 Fighting
 + Level 1.2 Short Blades
 + Level 1.2 Long Blades
 + Level 4.7 Axes
 + Level 1.2 Maces & Flails
 + Level 1.2 Polearms
 + Level 1.2 Staves
 + Level 1.2 Slings
 + Level 1.2 Bows
 + Level 1.2 Crossbows
 + Level 1.2 Throwing
 + Level 6.6 Armour
 + Level 1.2 Dodging
 + Level 1.2 Stealth
 + Level 6.6 Shields
 + Level 1.2 Unarmed Combat
 + Level 1.2 Spellcasting
 + Level 1.0 Conjurations
 + Level 1.0 Hexes
 + Level 1.0 Summonings
 + Level 1.0 Necromancy
 + Level 1.0 Translocations
 + Level 1.0 Transmutations
 + Level 1.0 Fire Magic
 + Level 1.0 Ice Magic
 + Level 1.0 Air Magic
 + Level 1.0 Earth Magic
 + Level 1.0 Poison Magic
 + Level 1.4 Invocations
 + Level 1.2 Evocations


You had 5 spell levels left.
You didn't know any spells.
Your spell library was empty.

Dungeon Overview and Level Annotations

Branches:
Dungeon (3/15)

Altars:
Xom
The Shining One


Innate Abilities, Weirdness & Mutations

You have very sharp teeth.
Your uncanny sense of smell can sniff out nearby items.
Your experience applies equally to all skills.


Message History

Found a glowing spear.
You see here a +1 spear of distortion.
i - a +1 spear of distortion
There is a shaft here.
There is an open door here.
There is a glowing golden altar of the Shining One here.
You kneel at the altar of the Shining One.
The Shining One welcomes you!
Really wield
i - a +1 spear of distortion?
Okay, then.
There is an open door here.
A hobgoblin comes into view.
Found a shimmering altar of Xom.
You hit the hobgoblin.
The hobgoblin is almost dead.
The hobgoblin closely misses you. You block the hobgoblin's attack.
You barely miss the hobgoblin.
You bite the hobgoblin, but do no damage.
The hobgoblin is almost dead.
The hobgoblin barely misses you.
You barely miss the hobgoblin. You bite the hobgoblin.
You kill the hobgoblin!
No target in view!
An orc comes into view.
It is wielding a +1 whip of electrocution.
The orc shouts!
The orc throws a stone.
You block the stone.
You hit the orc. Your bite misses the orc.
The orc is moderately wounded.
The orc hits you with a +1 whip of electrocution.
You are electrocuted!
The orc barely misses you.
You closely miss the orc.
The orc is moderately wounded.
The orc hits you with a +1 whip of electrocution.
You are electrocuted!
You are too injured to fight recklessly!
You are too injured to fight recklessly!
You closely miss the orc.
The orc is moderately wounded.
The orc hits you but does no damage.
You are electrocuted!!
You die...

... ## ... ..# ...
.. #.#.. ##.#. ...
#o# #@# #+#
#####.##### #.#
#.........# #.#
#.###.###.# ##.##
#.# #.# ##...##
#.###.######......
#....#..........##
##..#.########.##
#...........#.#


You could see an orc.

Vanquished Creatures
  Terence (D:3)
  2 adders (D:2)
  A gnoll (D:1)
  2 worms (D:2)
  A ball python (D:1)
  A bat (D:1)
  7 endoplasms
  A giant cockroach (D:3)
  9 goblins
  8 hobgoblins
  5 kobolds (D:1)
  A quokka (D:2)
  5 frilled lizards
  A rat (D:1)
45 creatures vanquished.

Notes
Turn   | Place    | Note
-------+----------+-------------------------------------------
     0 | D:1      | HDogLeCool the Gnoll Fighter began the quest for the Orb.
     0 | D:1      | Reached XP level 1. HP: 23/23 MP: 1/1
    56 | D:1      | Reached XP level 2. HP: 29/29 MP: 2/2
   347 | D:1      | Reached XP level 3. HP: 32/35 MP: 3/3
   729 | D:1      | Reached skill level 1 in Invocations
  1195 | D:2      | Reached skill level 1 in Short Blades
  1195 | D:2      | Reached skill level 1 in Long Blades
  1195 | D:2      | Reached skill level 1 in Maces & Flails
  1195 | D:2      | Reached skill level 1 in Polearms
  1195 | D:2      | Reached skill level 1 in Staves
  1195 | D:2      | Reached skill level 1 in Slings
  1195 | D:2      | Reached skill level 1 in Bows
  1195 | D:2      | Reached skill level 1 in Crossbows
  1195 | D:2      | Reached skill level 1 in Throwing
  1195 | D:2      | Reached skill level 1 in Dodging
  1195 | D:2      | Reached skill level 1 in Stealth
  1195 | D:2      | Reached skill level 1 in Unarmed Combat
  1195 | D:2      | Reached skill level 1 in Spellcasting
  1195 | D:2      | Reached skill level 1 in Evocations
  1195 | D:2      | Reached XP level 4. HP: 35/41 MP: 5/5
  1633 | D:3      | Noticed Terence
  1642 | D:3      | Killed Terence
  1643 | D:3      | Reached skill level 1 in Conjurations
  1643 | D:3      | Reached skill level 1 in Hexes
  1643 | D:3      | Reached skill level 1 in Summonings
  1643 | D:3      | Reached skill level 1 in Necromancy
  1643 | D:3      | Reached skill level 1 in Translocations
  1643 | D:3      | Reached skill level 1 in Transmutations
  1643 | D:3      | Reached skill level 1 in Fire Magic
  1643 | D:3      | Reached skill level 1 in Ice Magic
  1643 | D:3      | Reached skill level 1 in Air Magic
  1643 | D:3      | Reached skill level 1 in Earth Magic
  1643 | D:3      | Reached skill level 1 in Poison Magic
  1719 | D:3      | Found a glowing golden altar of the Shining One.
  1868 | D:3      | Became a worshipper of the Shining One
  1912 | D:3      | Found a shimmering altar of Xom.
  1930 | D:3      | Slain by an orc

Illustrated notes

Levels and vault maps discovered:
D:1:      saegor_arrival_simple_c, layout_basic, st_stairs_14
D:2:      layout_rooms
D:3:      layout_loops_corners, tso_metal_star,
          mainiacjoe_overflow_cross_hatched, minmay_fountain_box, uniq_sigmund,
          uniq_terence

Skill      XL: |  1  2  3  4 |
---------------+-------------+-----
Invocations    | 1 |  1.4
Short Blades   | 1 |  1.2
Long Blades    | 1 |  1.2
Maces & Flails | 1 |  1.2
Polearms       | 1 |  1.2
Staves         | 1 |  1.2
Slings         | 1 |  1.2
Bows           | 1 |  1.2
Crossbows      | 1 |  1.2
Throwing       | 1 |  1.2
Dodging        | 1 |  1.2
Stealth        | 1 |  1.2
Unarmed Combat | 1 |  1.2
Spellcasting   | 1 |  1.2
Evocations     | 1 |  1.2
Conjurations   | 1 |  1.0
Hexes          | 1 |  1.0
Summonings     | 1 |  1.0
Necromancy     | 1 |  1.0
Translocations | 1 |  1.0
Transmutations | 1 |  1.0
Fire Magic     | 1 |  1.0
Ice Magic      | 1 |  1.0
Air Magic      | 1 |  1.0
Earth Magic    | 1 |  1.0
Poison Magic   | 1 |  1.0
Fighting       | |  6.6
Axes           | |  4.7
Armour         | |  6.6
Shields        | |  6.6

Action                   |  1- 3 |  4- 6 || total
-------------------------+-------+-------++-------
Melee: War axe           |    98 |    39 ||   137
       Bite              |     8 |     4 ||    12
  Use: Scroll            |       |     1 ||     1
Armor: Scale mail        |    39 |    14 ||    53
Dodge: Dodged            |    42 |    13 ||    55
Block: Buckler           |    35 |     9 ||    44

Table legend: (Time is in decaauts)
 A = Elapsed time spent in this place.
 B = Non-inter-level travel time spent in this place.
 C = Inter-level travel time spent in this place.
 D = Time resting spent in this place.
 E = Time spent auto-exploring this place.
 F = Levels seen in this place.
 G = Mean time per level.
                   A        B        C        D        E       F      G
               +--------+--------+--------+--------+--------+-----+--------+
         Total |   1966 |   1880 |     86 |     78 |   1445 |   3 |  655.3 |
       Dungeon |   1966 |   1880 |     86 |     78 |   1445 |   3 |  655.3 |
               +--------+--------+--------+--------+--------+-----+--------+

Top non-repeatable levels by time:
     D:1: 941 daAuts
     D:2: 724 daAuts
     D:3: 301 daAuts
